 Dungeon Crawl Stone Soup version 0.22.1-1-ga44c0e5 (webtiles) character file.

575 brandon the Basher (level 7, -1/61 HPs)
             Began as a Minotaur Berserker on Oct 1, 2018.
             Was a Priest of Trog.
             Slain by Prince Ribbit (10 damage)
             ... on level 6 of the Dungeon.
             The game lasted 00:06:26 (3683 turns).

brandon the Basher (Minotaur Berserker)             Turns: 3683, Time: 00:06:27

Health: -1/61      AC: 10    Str: 21    XL:     7   Next: 12%
Magic:  6/6        EV:  9    Int:  4    God:    Trog [***...]
Gold:   254        SH:  0    Dex: 12    Spells: 6/6 levels left

rFire    . . .     SeeInvis .   v - -2 flail (curse)
rCold    . . .     Gourm    .   (no shield)
rNeg     . . .     Faith    .   u - +0 chain mail
rPois    .         Spirit   .   (helmet restricted)
rElec    .         Reflect  .   (no cloak)
rCorr    .         Harm     .   (no gloves)
MR       +....                  s - +0 pair of boots
Stlth    ..........             (no amulet)
HPRegen  0.20/turn              e - ring of protection from magic
MPRegen  0.10/turn              (no ring)

@: no status effects
A: retaliatory headbutt, horns 2
a: Berserk, Trog's Hand, Renounce Religion


You were on level 6 of the Dungeon.
You worshipped Trog.
Trog was most pleased with you.
You were not hungry.

You visited 1 branch of the dungeon, and saw 6 of its levels.

You collected 254 gold pieces.

Inventory:

Hand Weapons
 a - a +0 mace
 v - a cursed -2 flail (weapon)
 w - a +0 morningstar
Armour
 k - a +0 ring mail
 s - a +0 pair of boots (worn)
 u - a +0 chain mail (worn)
Jewellery
 e - a ring of protection from magic (left hand)
 x - an uncursed ring of protection from cold {unknown}
Wands
 z - a wand of random effects (27)
Scrolls
 b - 4 scrolls of teleportation
 d - 5 scrolls of identify
 f - 3 scrolls of blinking
 g - 2 scrolls of magic mapping
 h - 2 scrolls of fog
 i - a scroll of fear {unknown}
 o - a scroll of remove curse {unknown}
 p - a scroll of enchant armour {unknown}
 q - a scroll of immolation
 y - a scroll of amnesia {unknown}
Potions
 j - 2 potions of brilliance {unknown}
 l - a potion of agility {unknown}
 m - 6 potions of degeneration
 n - 2 potions of berserk rage {unknown}
 r - a potion of haste {unknown}
 t - a potion of curing {unknown}
Comestibles
 c - 14 rations


   Skills:
 + Level 5.1 Fighting
 * Level 8.0 Maces & Flails
 + Level 4.3 Armour
 + Level 3.0 Dodging
 + Level 0.2 Stealth


You had 6 spell levels left.
You didn't know any spells.
Your spell library was empty.

Dungeon Overview and Level Annotations

Branches:
Dungeon (6/15)             Temple (0/1) D:6

Altars:
Dithmenos
Hepliaklqana
Qazlal

Annotations:
D:4 Blork the orc
D:6 Prince Ribbit


Innate Abilities, Weirdness & Mutations

You reflexively headbutt those who attack you in melee.
You have a pair of horns on your head.


Message History

Your chain mail prevents you from hitting Prince Ribbit.
Prince Ribbit is heavily wounded.
Prince Ribbit closely misses you.
You hit Prince Ribbit. Your headbutt misses Prince Ribbit.
Prince Ribbit is heavily wounded.
Prince Ribbit hits you!
* * * LOW HITPOINT WARNING * * *
You miss Prince Ribbit.
Prince Ribbit is heavily wounded.
Prince Ribbit hits you!
* * * LOW HITPOINT WARNING * * *
Prince Ribbit closely misses you. You furiously retaliate!
You headbutt Prince Ribbit. You closely miss Prince Ribbit.
Prince Ribbit is heavily wounded.
Prince Ribbit hits you but does no damage.
You barely miss Prince Ribbit. You headbutt Prince Ribbit.
Prince Ribbit is severely wounded.
Prince Ribbit hits you!
You die...

### ######### +#. #..
........#####...#
##.######..........#...#
........+......b........
#......##...............
......<<.........>......
....†######............#
................@F.....#
...#.######............#
...#....#....###########
>...................
......#.#.##.#######
.#.#.##.#.##.#
.#.#......##.#
#......####.# ....####
..#


You could see Prince Ribbit.

Vanquished Creatures
  An ogre (D:4)
  2 howler monkeys
  A bullfrog zombie (D:4)
  A hound (D:4)
  2 orc priests (D:5)
  An orc wizard (D:5)
  3 worker ants (D:4)
  2 worker ant zombies (D:5)
  3 gnolls (D:4)
  5 adders
  2 worms
  4 dart slugs
  3 leopard geckos
  13 orcs
  4 giant cockroaches
  9 goblins
  7 hobgoblins
  4 quokkas
  6 bats
  2 frilled lizards (D:2)
  8 kobolds
  4 rats
87 creatures vanquished.

Notes
Turn   | Place    | Note
-------+----------+-------------------------------------------
     0 | D:1      | brandon the Minotaur Berserker began the quest for the Orb.
     0 | D:1      | Reached XP level 1. HP: 19/19 MP: 0/0
   139 | D:1      | Reached XP level 2. HP: 26/27 MP: 1/1
   151 | D:1      | Reached skill level 4 in Maces & Flails
   573 | D:2      | Reached ** piety under Trog
   779 | D:2      | Reached XP level 3. HP: 33/33 MP: 2/2
  1311 | D:2      | Reached skill level 5 in Maces & Flails
  1311 | D:2      | Reached XP level 4. HP: 41/41 MP: 3/3
  1610 | D:3      | Found a shadowy altar of Dithmenos.
  1799 | D:4      | Reached *** piety under Trog
  2075 | D:4      | Reached XP level 5. HP: 33/47 MP: 4/4
  2078 | D:4      | Reached skill level 6 in Maces & Flails
  2156 | D:4      | Reached XP level 6. HP: 32/55 MP: 5/5
  2527 | D:4      | Reached skill level 7 in Maces & Flails
  2642 | D:4      | Reached skill level 5 in Fighting
  2732 | D:4      | Noticed Blork the orc
  2782 | D:5      | Entered Level 5 of the Dungeon
  2911 | D:5      | Reached XP level 7. HP: 61/61 MP: 6/6
  3352 | D:5      | Found a stormy altar of Qazlal.
  3352 | D:5      | Found a hazy altar of Hepliaklqana.
  3649 | D:6      | Reached skill level 8 in Maces & Flails
  3659 | D:6      | Found a staircase to the Ecumenical Temple.
  3659 | D:6      | Noticed Prince Ribbit
  3683 | D:6      | Slain by Prince Ribbit

Skill      XL: |  1  2  3  4  5  6  7 |
---------------+----------------------+-----
Maces & Flails | 4 5 6 7 8 |  8.0
Fighting       | 4 5 |  5.1
Armour         | 3 4 |  4.3
Dodging        | 3 |  3.0
Stealth        | |  0.2

Action                   |  1- 3 |  4- 6 |  7- 9 || total
-------------------------+-------+-------+-------++-------
Melee: Mace              |    78 |   109 |    11 ||   198
       Headbutt          |     9 |    21 |     7 ||    37
       Flail             |       |       |    30 ||    30
  Use: Scroll            |       |       |     7 ||     7
  Eat: Chunk             |     1 |     1 |       ||     2
       Ration            |       |     1 |     1 ||     2
Armor: Animal skin       |     4 |       |       ||     4
       Ring mail         |     8 |    40 |     6 ||    54
       Chain mail        |       |       |     9 ||     9
Dodge: Dodged            |    59 |    66 |    19 ||   144
